 Dungeon Sprint DCSS version 0.20.0-10-g0535bb4 (webtiles) character file.

23244 Gorglomux the Peltast (level 13, 0/122 HPs)
             Began as a Formicid Fighter on June 4, 2017.
             Was the Champion of Jiyva.
             Slain by a guardian serpent (2 damage)
             ... in the Dungeon (Sprint V: "Ziggurat Sprint").
             The game lasted 00:08:46 (905 turns).

Gorglomux the Peltast (Formicid Fighter)             Turns: 905, Time: 00:08:46

Health: 0/122      AC: 36    Str: 25    XL:     13   Next: 33%
Magic:  0/28       EV:  6    Int: 15    God:    Jiyva [******]
Gold:   0          SH: 34    Dex: 16    Spells: 12/12 levels left

rFire    . . .     SeeInvis +   R - +6 Majin-Bo {vamp, Archmagi MP+6 Int+6}
rCold    . . .     Gourm    .   T - +18 shield of the Gong {rElec rN+ MR+ EV-5}
rNeg     + . .     Faith    .   S - +15 Maxwell's patent armour {-Cast -Tele rElec MR+ rCorr}
rPois    .         Spirit   +   (helmet unavailable)
rElec    +         Reflect  .   (no cloak)
rCorr    +         Harm     .   (no gloves)
MR       ++++.     NoCast   +   (no boots)
Stlth    ..........             O - amulet of Bojep {Spirit MP+9 SInv}
Regen    0.3/turn               U - +6 ring of dexterity
MPRegen  0.3/turn               P - ring "Nyniath" {MR+ EV+3 SInv}

@: lethally poisoned (0 -> -13), constricted, studying 2 skills
A: permanent stasis, dig shafts and tunnels, four strong arms, antennae 3,
talons 1, acidic bite, gelatinous body 3, translucent skin 1, tendrils, jelly
absorbing missiles
a: Dig, Request Jelly, Slimify, Cure Bad Mutation, Renounce Religion


You were in the Dungeon.
You worshipped Jiyva.
Jiyva was exalted by your worship.
You were completely stuffed.

You visited 1 branch

Inventory:

Hand Weapons
 a - a +0 quarterstaff
 R - the +6 Majin-Bo (weapon) {vamp, Archmagi MP+6 Int+6}
   (You found it in the Dungeon)

   It inflicts no extra harm, but heals its wielder when it wounds a living foe.
   It affects your intelligence (+6).
   It affects your magic capacity (+6).
Armour
 S - the +15 Maxwell's patent armour (worn) {-Cast -Tele rElec MR+ rCorr}
   (You found it in the Dungeon)

   It insulates you from electricity.
   It affects your resistance to hostile enchantments.
   It prevents spellcasting.
   It prevents most forms of teleportation.
   It protects you from acid and corrosion.
 T - the +18 shield of the Gong (worn) {rElec rN+ MR+ EV-5}
   (You found it in the Dungeon)

   It affects your evasion (-5).
   It insulates you from electricity.
   It protects you from negative energy.
   It affects your resistance to hostile enchantments.
Jewellery
 M - a ring of the Octopus King {MP+9 AC+1 EV+1 Str+1 Int+1 Dex+1}
   (You took it off a vampire in the Dungeon)

   [ring of magical power]

   It affects your AC (+1).
   It affects your evasion (+1).
   It affects your strength (+1).
   It affects your intelligence (+1).
   It affects your dexterity (+1).
   It affects your magic capacity (+9).
 O - the amulet of Bojep (around neck) {Spirit MP+9 SInv}
   (You found it in the Dungeon)

   [amulet of guardian spirit]

   It causes incoming damage to be split between your health and magic.
   It affects your magic capacity (+9).
   It lets you see invisible.
 P - the ring "Nyniath" (right hand) {MR+ EV+3 SInv}
   (You found it in the Dungeon)

   [ring of evasion]

   It affects your evasion (+3).
   It affects your resistance to hostile enchantments.
   It lets you see invisible.
 U - a +6 ring of dexterity (left hand)
 V - a +6 ring of dexterity
Potions
 d - 4 potions of might
 g - 10 potions of heal wounds
 i - 7 potions of magic
 Q - 9 potions of curing
 W - 3 potions of agility
 Y - 2 potions of invisibility
 Z - 4 potions of resistance
Books
 L - a manual of Fire Magic
 N - a manual of Slings
Miscellaneous
 X - a phial of floods


   Skills:
 + Level 17.7 Fighting
 + Level 16.3 Staves
 + Level 17.7 Armour
 + Level 19.1 Shields


You had 12 spell levels left.
You didn't know any spells.

Dungeon Overview and Level Annotations

Branches:
Dungeon (1/1)

Altars:
Ashenzari
Cheibriados
Dithmenos
Elyvilon
Fedhas
Gozag
Hepliaklqana
Kikubaaqudgha
Makhleb
Nemelex Xobeh
Okawaru
Qazlal
Ru
Sif Muna
Trog
Uskayaw
Vehumet
Xom
Yredelemnul
Zin
The Shining One
Beogh
Jiyva
Lugonu


Innate Abilities, Weirdness & Mutations

You cannot be hasted, slowed, berserked, paralysed or teleported.
You can dig through walls and to a lower floor.
Your four strong arms can wield two-handed weapons with a shield.
You have a pair of large antennae on your head. (SInv)
You have sharp toenails.
You have acidic saliva.
Your gelatinous body deflects attacks. (AC +3, EV +3)
Your translucent skin slightly reduces your foes' accuracy. (Stealth)
You are covered in slimy tendrils that may disarm your opponents.
You have a small jelly attached to you that may absorb incoming projectiles.


Message History

You block the guardian serpent's attack.
BONNNG!
You block the anaconda's attack.
BONNNG!
You block the black mamba's attack.
GONNNNG!
The naga completely misses you.
The slime creature closely misses the guardian serpent.
The naga hits you from afar with a trident.
* * * LOW HITPOINT WARNING * * *
The guardian serpent completely misses the slime creature.
The black mamba bites you but does no damage.
The black mamba bites you.
* * * LOW HITPOINT WARNING * * *
The anaconda bites you.
* * * LOW HITPOINT WARNING * * *
The naga warrior hits you but does no damage.
* * * LOW HITPOINT WARNING * * *
The naga warrior constricts you. The guardian serpent hits you.
You die...

, ▓...:...J[
▓..}}[}:)=|[..▓.........
▓..)![:=)="}..▓.........
▓.............▓.........
▓.............▓.........
▓......N......▓......)).
,
▓.....NSS.....▓.....)†..
▓....SSSNS....▓....))[..
▓....SN@SS....▓.........
▓..▓..SSJ..▓..▓▓▓▓▓▓▓▓▓▓
▓.............▓....8©8..
▓.............▓........)
▓.............▓.......).
▓▓▓▓▓▓▓▓▓▓▓▓▓▓▓.........
▓......... {{{


{{{{{ ▓.....)... { , {{{ ,▓.....JJ.. You could see a naga warrior, an anaconda,
3 guardian serpents, 3 black mambas, 3 nagas, 2 adders, 2 ball pythons and a
neutral slime creature (fellow slime).

Vanquished Creatures
  A very ugly thing (D)
  2 vampire knights (D)
  A yaktaur captain (D)
  A naga warrior (D)
  An ice dragon (D)
  A dancing weapon (D)
  2 vampire magi (D)
  A spriggan berserker (D)
  A spriggan (D)
  A skeletal warrior (D)
  3 shambling mangroves (D)
  A lindwurm (shapeshifter) (D)
  A mana viper (shapeshifter) (D)
  An ugly thing (D)
  An elephant (D)
  4 yaktaurs (D)
  3 komodo dragons (D)
  A dryad (D)
  2 freezing wraiths (D)
  An ice devil (D)
  A merfolk (shapeshifter) (D)
  5 merfolk (D)
  A polar bear (D)
  5 hornets (D)
  3 hippogriffs (D)
  A flying skull (D)
  4 shadows (D)
  3 vampires (D)
  Sigmund (D)
  4 yaks (D)
  A fire elemental (D)
  4 porcupines (D)
  Duvessa (D)
  A water moccasin (D)
  An ice beast (shapeshifter) (D)
  4 necrophages (D)
  2 centaurs (D)
  A crocodile (D)
  Blork the orc (D)
  Dowan (D)
  2 wights (D)
  2 crimson imps (D)
  Crazy Yiuf (D)
  An orc priest (D)
  Jessica (D)
  A shadow imp (D)
  A white imp (D)
  An ufetubus (D)
  An adder zombie (D)
  An adder skeleton (D)
  3 orcs (D)
  2 jackals (D)
  A ball python (D)
  A ball python zombie (D)
  A giant cockroach zombie (D)
  2 leopard gecko zombies (D)
97 creatures vanquished.

Vanquished Creatures (collateral kills)
  An eidolon (D)
  A dancing weapon (D)
  An orc high priest (D)
  A deep elf mage (D)
  A white imp (D)
5 creatures vanquished.

Vanquished Creatures (others)
  A spriggan air mage (D)
  A spriggan berserker (D)
  A spriggan (D)
  A necromancer (D)
  A deep elf archer (D)
  An oklob plant (D)
  A deep elf mage (D)
  4 hornets (D)
  A redback (shapeshifter) (D)
  A shadow (D)
  A spriggan (shapeshifter) (D)
  A necrophage (D)
  A wight (D)
  8 jellies (D)
  A white imp (D)
  An adder skeleton (D)
  2 bat skeletons (D)
  2 bat zombies (D)
  A giant cockroach zombie (D)
  A jackal skeleton (D)
32 creatures vanquished.

Grand Total: 134 creatures vanquished

Notes
Turn   | Place    | Note
-------+----------+-------------------------------------------
     0 | D        | Gorglomux the Formicid Fighter began the quest for the Orb.
     0 | D        | Reached XP level 1. HP: 18/18 MP: 1/1
     0 | D        | Found a blossoming altar of Fedhas.
     1 | D        | Found a transporter.
     1 | D        | Found a viscous altar of Jiyva.
     1 | D        | Found an ancient bone altar of Kikubaaqudgha.
     1 | D        | Found a hazy altar of Hepliaklqana.
     1 | D        | Found a corrupted altar of Lugonu.
     1 | D        | Found an opulent altar of Gozag.
     1 | D        | Found a burning altar of Makhleb.
    13 | D        | Found a stormy altar of Qazlal.
    13 | D        | Found an iron altar of Okawaru.
    13 | D        | Found a sacrificial altar of Ru.
    13 | D        | Found a sparkling altar of Nemelex Xobeh.
    13 | D        | Found a deep blue altar of Sif Muna.
    13 | D        | Found a bloodstained altar of Trog.
    78 | D        | Reached skill level 5 in Shields
    78 | D        | Reached XP level 2. HP: 27/27 MP: 2/2
    81 | D        | Became a worshipper of Jiyva Jukhi the Shapeless
    86 | D        | Reached * piety under Jiyva
    88 | D        | Reached ** piety under Jiyva
    90 | D        | Reached *** piety under Jiyva
    90 | D        | Gained mutation: Your translucent skin slightly reduces your foes' accuracy. (Stealth) [Jiyva's grace]
    91 | D        | Reached **** piety under Jiyva
    91 | D        | Reached ***** piety under Jiyva
    91 | D        | Gained mutation: You have acidic saliva. [Jiyva's grace]
    91 | D        | Gained mutation: You are frail. (-10% HP) [Jiyva's grace]
    91 | D        | Gained mutation: Your rubbery body absorbs attacks. (AC +1, EV +1) [Jiyva's grace]
    91 | D        | Reached ****** piety under Jiyva
    93 | D        | Lost mutation: You are frail. (-10% HP) [Jiyva's grace]
    96 | D        | Gained mutation: You have sharp toenails. [Jiyva's grace]
    98 | D        | Gained mutation: You are partially covered in thin metallic scales. (AC +2) [Jiyva's grace]
    98 | D        | Gained mutation: You are agile. (Dex +2) [Jiyva's grace]
    98 | D        | Lost mutation: You are agile. (Dex +2) [Jiyva's grace]
    98 | D        | Lost mutation: You have sharp toenails. [Jiyva's grace]
    98 | D        | Gained mutation: Your muscles are strong. (Str +2) [Jiyva's grace]
   100 | D        | Gained mutation: You are mostly covered in thin metallic scales. (AC +3) [Jiyva's grace]
   101 | D        | Lost mutation: Your muscles are strong. (Str +2) [Jiyva's grace]
   102 | D        | Lost mutation: You have acidic saliva. [Jiyva's grace]
   102 | D        | Gained mutation: You are covered in slimy tendrils that may disarm your opponents. [Jiyva's grace]
   102 | D        | Gained mutation: Your pliable body absorbs attacks. (AC +2, EV +2) [Jiyva's grace]
   103 | D        | Lost mutation: Your translucent skin slightly reduces your foes' accuracy. (Stealth) [Jiyva's grace]
   104 | D        | Gained mutation: You have a beak for a mouth. [Jiyva's grace]
   106 | D        | Gained mutation: Your translucent skin slightly reduces your foes' accuracy. (Stealth) [Jiyva's grace]
   106 | D        | Gained mutation: You are agile. (Dex +2) [Jiyva's grace]
   106 | D        | Gained mutation: You are robust. (+10% HP) [Jiyva's grace]
   106 | D        | Gained mutation: Your translucent skin reduces your foes' accuracy. (Stealth) [Jiyva's grace]
   107 | D        | Gained mutation: You have a small jelly attached to you that senses nearby items. [Jiyva's grace]
   108 | D        | Lost mutation: You are robust. (+10% HP) [Jiyva's grace]
   108 | D        | Lost mutation: Your translucent skin reduces your foes' accuracy. (Stealth) [Jiyva's grace]
   109 | D        | Lost mutation: Your translucent skin slightly reduces your foes' accuracy. (Stealth) [Jiyva's grace]
   109 | D        | Lost mutation: Your pliable body absorbs attacks. (AC +2, EV +2) [Jiyva's grace]
   109 | D        | Gained mutation: You expend magic power (3 MP) to strengthen your wands. [Jiyva's grace]
   110 | D        | Gained mutation: Your magical capacity is low. (-10% MP) [Jiyva's grace]
   110 | D        | Gained mutation: Your muscles are strong. (Str +2) [Jiyva's grace]
   110 | D        | Lost mutation: Your magical capacity is low. (-10% MP) [Jiyva's grace]
   110 | D        | Lost mutation: Your muscles are strong. (Str +2) [Jiyva's grace]
   110 | D        | Gained mutation: You are resistant to electric shocks. (rElec) [Jiyva's grace]
   110 | D        | Lost mutation: Your rubbery body absorbs attacks. (AC +1, EV +1) [Jiyva's grace]
   111 | D        | Gained mutation: You are frail. (-10% HP) [Jiyva's grace]
   111 | D        | Gained mutation: You have a small jelly attached to you that may absorb incoming projectiles. [Jiyva's grace]
   112 | D        | Gained mutation: Your spells are a little harder to cast, but a little more powerful. [Jiyva's grace]
   112 | D        | Lost mutation: You are frail. (-10% HP) [Jiyva's grace]
   112 | D        | Lost mutation: You are resistant to electric shocks. (rElec) [Jiyva's grace]
   114 | D        | Lost mutation: You are agile. (Dex +2) [Jiyva's grace]
   115 | D        | Gained mutation: Scrolls take you a little longer to read. [Jiyva's grace]
   115 | D        | Lost mutation: Scrolls take you a little longer to read. [Jiyva's grace]
   115 | D        | Gained mutation: Your rubbery body absorbs attacks. (AC +1, EV +1) [Jiyva's grace]
   116 | D        | Gained mutation: Your spells are harder to cast, but more powerful. [Jiyva's grace]
   116 | D        | Lost mutation: Your spells are harder to cast, but more powerful. [Jiyva's grace]
   116 | D        | Gained mutation: You have sharp toenails. [Jiyva's grace]
   116 | D        | Gained mutation: Your magical capacity is low. (-10% MP) [Jiyva's grace]
   116 | D        | Lost mutation: You expend magic power (3 MP) to strengthen your wands. [Jiyva's grace]
   116 | D        | Gained mutation: Your body has grown golden eyes which may confuse attackers. (Acc +3) [Jiyva's grace]
   116 | D        | Gained mutation: Your translucent skin slightly reduces your foes' accuracy. (Stealth) [Jiyva's grace]
   116 | D        | Lost mutation: Your rubbery body absorbs attacks. (AC +1, EV +1) [Jiyva's grace]
   116 | D        | Gained mutation: You are resistant to hostile enchantments. (MR+) [Jiyva's grace]
   116 | D        | Gained mutation: Your translucent skin reduces your foes' accuracy. (Stealth) [Jiyva's grace]
   116 | D        | Lost mutation: You have a small jelly attached to you that senses nearby items. [Jiyva's grace]
   116 | D        | Lost mutation: You are resistant to hostile enchantments. (MR+) [Jiyva's grace]
   116 | D        | Gained mutation: Armour fits poorly on your pseudopods. [Jiyva's grace]
   116 | D        | Lost mutation: Your magical capacity is low. (-10% MP) [Jiyva's grace]
   116 | D        | Lost mutation: You have sharp toenails. [Jiyva's grace]
   116 | D        | Gained mutation: You have large cloven feet. [Jiyva's grace]
   116 | D        | Gained mutation: You are somewhat resistant to further mutation. [Jiyva's grace]
   116 | D        | Lost mutation: Your spells are a little harder to cast, but a little more powerful. [Jiyva's grace]
   116 | D        | Lost mutation: You have large cloven feet. [Jiyva's grace]
   116 | D        | Lost mutation: Armour fits poorly on your pseudopods. [Jiyva's grace]
   116 | D        | Gained mutation: Your magical capacity is low. (-10% MP) [Jiyva's grace]
   117 | D        | Lost mutation: Your body has grown golden eyes which may confuse attackers. (Acc +3) [Jiyva's grace]
   117 | D        | Lost mutation: You are somewhat resistant to further mutation. [Jiyva's grace]
   118 | D        | Gained mutation: You have a small jelly attached to you that senses nearby items. [Jiyva's grace]
   122 | D        | Gained mutation: Your system is resistant to poisons. (rPois) [Jiyva's grace]
   127 | D        | Gained mutation: Your transparent skin significantly reduces your foes' accuracy. (Stealth) [Jiyva's grace]
   132 | D        | Lost mutation: Your magical capacity is low. (-10% MP) [Jiyva's grace]
   139 | D        | Gained mutation: You possess an exceptional clarity of mind. [Jiyva's grace]
   145 | D        | Lost mutation: You possess an exceptional clarity of mind. [Jiyva's grace]
   150 | D        | Entered arena 2.
   150 | D        | Found a transporter.
   154 | D        | Gained mutation: You are partially covered in yellow scales. (AC +2) [Jiyva's grace]
   159 | D        | Lost mutation: You have a beak for a mouth. [Jiyva's grace]
   164 | D        | Entered arena 3.
   164 | D        | Noticed an orc high priest
   164 | D        | Noticed a deep elf mage
   164 | D        | Noticed a mace of protection
   164 | D        | Found a transporter.
   165 | D        | Noticed an orange demon
   166 | D        | Gained mutation: You have acidic saliva. [Jiyva's grace]
   168 | D        | Noticed a fire elemental
   169 | D        | Noticed a fire elemental
   169 | D        | Noticed a fire elemental
   169 | D        | Gained mutation: Your body has grown golden eyes which may confuse attackers. (Acc +3) [Jiyva's grace]
   173 | D        | Killed a deep elf mage
   173 | D        | Reached skill level 9 in Shields
   173 | D        | Reached XP level 3. HP: 21/38 MP: 3/3
   173 | D        | Reached XP level 4. HP: 25/45 MP: 4/4
   173 | D        | Reached XP level 5. HP: 29/51 MP: 5/5
   173 | D        | Reached XP level 6. HP: 32/57 MP: 6/6
   173 | D        | Reached XP level 7. HP: 36/63 MP: 7/7
   174 | D        | Killed an orc high priest
   174 | D        | Reached skill level 9 in Fighting
   174 | D        | Reached skill level 9 in Armour
   174 | D        | Reached skill level 10 in Shields
   174 | D        | Killed a mace of protection
   174 | D        | Reached skill level 9 in Staves
   174 | D        | Reached skill level 11 in Shields
   174 | D        | Reached XP level 8. HP: 42/73 MP: 8/8
   176 | D        | Lost mutation: You are partially covered in yellow scales. (AC +2) [Jiyva's grace]
   179 | D        | Got the ring "Nyniath" {MR+ EV+3 SInv}
   183 | D        | Lost mutation: Your body has grown golden eyes which may confuse attackers. (Acc +3) [Jiyva's grace]
   184 | D        | Entered arena 4.
   184 | D        | Noticed an eidolon
   184 | D        | Found a transporter.
   189 | D        | Killed an eidolon
   189 | D        | Reached skill level 12 in Shields
   189 | D        | Reached XP level 9. HP: 73/81 MP: 9/9
   189 | D        | Gained mutation: Armour fits poorly on your pseudopods. [Jiyva's grace]
   191 | D        | Lost mutation: Your system is resistant to poisons. (rPois) [Jiyva's grace]
   192 | D        | Lost mutation: You are mostly covered in thin metallic scales. (AC +3) [Jiyva's grace]
   194 | D        | Lost mutation: You are partially covered in thin metallic scales. (AC +2) [Jiyva's grace]
   197 | D        | Lost mutation: You have a small jelly attached to you that senses nearby items. [Jiyva's grace]
   200 | D        | Gained mutation: You are robust. (+10% HP) [Jiyva's grace]
   205 | D        | Entered arena 5.
   205 | D        | Lost mutation: You are robust. (+10% HP) [Jiyva's grace]
   205 | D        | Found a transporter.
   208 | D        | Gained mutation: You are partially covered in iridescent scales. (AC +2) [Jiyva's grace]
   211 | D        | Gained mutation: Your flesh is heat resistant. (rF+) [Jiyva's grace]
   212 | D        | Lost mutation: Armour fits poorly on your pseudopods. [Jiyva's grace]
   215 | D        | Gained mutation: You have large cloven feet. [Jiyva's grace]
   217 | D        | Gained mutation: You are partially covered in thin metallic scales. (AC +2) [Jiyva's grace]
   219 | D        | Entered arena 6.
   219 | D        | Noticed a deep elf archer
   219 | D        | Noticed a scimitar of electrocution
   219 | D        | Noticed a deep elf archer
   219 | D        | Noticed a deep elf mage
   219 | D        | Lost mutation: You are partially covered in iridescent scales. (AC +2) [Jiyva's grace]
   219 | D        | Found a transporter.
   220 | D        | Identified the +9 dire flail of the Fulmar {venom, rPois}
   221 | D        | Gained mutation: You are surrounded by a mild repulsion field. (EV +2) [Jiyva's grace]
   224 | D        | Killed a scimitar of electrocution
   224 | D        | Reached skill level 12 in Fighting
   224 | D        | Reached skill level 12 in Armour
   224 | D        | Reached skill level 13 in Shields
   225 | D        | Gained mutation: Armour fits poorly on your pseudopods. [Jiyva's grace]
   226 | D        | Slimified a deep elf archer
   226 | D        | Noticed an acid blob
   226 | D        | a deep elf archer changed into an acid blob
   227 | D        | Lost mutation: You are partially covered in thin metallic scales. (AC +2) [Jiyva's grace]
   229 | D        | Lost mutation: Your transparent skin significantly reduces your foes' accuracy. (Stealth) [Jiyva's grace]
   230 | D        | Gained mutation: You are resistant to electric shocks. (rElec) [Jiyva's grace]
   231 | D        | Lost mutation: You have large cloven feet. [Jiyva's grace]
   231 | D        | Killed a deep elf mage
   233 | D        | Gained mutation: You have an increased reservoir of magic. (+10% MP) [Jiyva's grace]
   235 | D        | Reached XP level 10. HP: 90/90 MP: 11/11
   235 | D        | Gained mutation: Your flesh is cold resistant. (rC+) [Jiyva's grace]
   237 | D        | Gained mutation: You evolve. [Jiyva's grace]
   237 | D        | Lost mutation: Your flesh is cold resistant. (rC+) [Jiyva's grace]
   239 | D        | Lost mutation: You evolve. [Jiyva's grace]
   244 | D        | Gained mutation: Your transparent skin significantly reduces your foes' accuracy. (Stealth) [Jiyva's grace]
   246 | D        | Killed a deep elf archer
   248 | D        | Gained mutation: You are clumsy. (Dex -2) [Jiyva's grace]
   252 | D        | Entered arena 7.
   252 | D        | Noticed Sigmund
   252 | D        | Noticed Jessica
   252 | D        | Noticed Blork the orc
   252 | D        | Noticed Crazy Yiuf
   252 | D        | Noticed Dowan
   252 | D        | Noticed Duvessa
   253 | D        | Found a transporter.
   255 | D        | Gained mutation: You are somewhat resistant to further mutation. [Jiyva's grace]
   256 | D        | Lost mutation: You are clumsy. (Dex -2) [Jiyva's grace]
   262 | D        | Killed Duvessa
   262 | D        | Gained mutation: Your mind is acute. (Int +2) [Jiyva's grace]
   264 | D        | Killed Blork the orc
   265 | D        | Gained mutation: You have a considerably increased reservoir of magic. (+20% MP) [Jiyva's grace]
   266 | D        | Lost mutation: Your flesh is heat resistant. (rF+) [Jiyva's grace]
   269 | D        | Gained mutation: You have a small jelly attached to you that senses nearby items. [Jiyva's grace]
   273 | D        | Killed Dowan
   275 | D        | Killed Crazy Yiuf
   276 | D        | Gained mutation: You are partially covered in slimy green scales. (AC +2) [Jiyva's grace]
   278 | D        | Killed Jessica
   282 | D        | Killed Sigmund
   282 | D        | Lost mutation: Your transparent skin significantly reduces your foes' accuracy. (Stealth) [Jiyva's grace]
   287 | D        | Gained mutation: You are robust. (+10% HP) [Jiyva's grace]
   288 | D        | Lost mutation: You have a small jelly attached to you that senses nearby items. [Jiyva's grace]
   289 | D        | Entered arena 8.
   289 | D        | Noticed a komodo dragon
   290 | D        | Found a transporter.
   291 | D        | Gained mutation: You have a small jelly attached to you that senses nearby items. [Jiyva's grace]
   294 | D        | Gained mutation: You are mostly covered in slimy green scales. (AC +3) [Jiyva's grace]
   295 | D        | Lost mutation: You have a small jelly attached to you that senses nearby items. [Jiyva's grace]
   297 | D        | Gained mutation: You possess an exceptional clarity of mind. [Jiyva's grace]
   297 | D        | Gained mutation: You have sharp toenails. [Jiyva's grace]
   299 | D        | Killed a komodo dragon
   299 | D        | Reached skill level 14 in Shields
   299 | D        | Lost mutation: You have acidic saliva. [Jiyva's grace]
   299 | D        | Gained mutation: You are agile. (Dex +2) [Jiyva's grace]
   303 | D        | Gained mutation: You have a greatly increased reservoir of magic. (+30% MP) [Jiyva's grace]
   305 | D        | Lost mutation: You are covered in slimy tendrils that may disarm your opponents. [Jiyva's grace]
   306 | D        | Reached skill level 12 in Staves
   306 | D        | Lost mutation: You have a small jelly attached to you that may absorb incoming projectiles. [Jiyva's grace]
   307 | D        | Lost mutation: Your translucent skin reduces your foes' accuracy. (Stealth) [Jiyva's grace]
   310 | D        | Lost mutation: Your translucent skin slightly reduces your foes' accuracy. (Stealth) [Jiyva's grace]
   311 | D        | Lost mutation: You are agile. (Dex +2) [Jiyva's grace]
   311 | D        | Lost mutation: You are robust. (+10% HP) [Jiyva's grace]
   311 | D        | Gained mutation: You have a small jelly attached to you that senses nearby items. [Jiyva's grace]
   312 | D        | Gained mutation: Your rubbery body absorbs attacks. (AC +1, EV +1) [Jiyva's grace]
   312 | D        | Lost mutation: You are resistant to electric shocks. (rElec) [Jiyva's grace]
   316 | D        | Gained mutation: You are covered in fur. (AC +1) [Jiyva's grace]
   316 | D        | Lost mutation: You have a greatly increased reservoir of magic. (+30% MP) [Jiyva's grace]
   318 | D        | Gained mutation: Your body has grown golden eyes which may confuse attackers. (Acc +3) [Jiyva's grace]
   321 | D        | Lost mutation: You have sharp toenails. [Jiyva's grace]
   321 | D        | Gained mutation: Your system is resistant to poisons. (rPois) [Jiyva's grace]
   322 | D        | Lost mutation: Your mind is acute. (Int +2) [Jiyva's grace]
   323 | D        | Entered arena 9.
   323 | D        | Noticed a yaktaur
   323 | D        | Noticed a yaktaur
   323 | D        | Noticed a yaktaur
   323 | D        | Noticed a yaktaur captain
   323 | D        | Noticed a yaktaur
   324 | D        | Found a transporter.
   324 | D        | Lost mutation: You are surrounded by a mild repulsion field. (EV +2) [Jiyva's grace]
   331 | D        | Lost mutation: Your rubbery body absorbs attacks. (AC +1, EV +1) [Jiyva's grace]
   332 | D        | Killed a yaktaur
   334 | D        | Gained mutation: You are partially covered in rugged brown scales. (AC +1, +3% HP) [Jiyva's grace]
   337 | D        | Gained mutation: You are resistant to electric shocks. (rElec) [Jiyva's grace]
   342 | D        | Killed a yaktaur
   346 | D        | Killed a yaktaur
   351 | D        | Killed a yaktaur
   352 | D        | Lost mutation: Armour fits poorly on your pseudopods. [Jiyva's grace]
   362 | D        | Killed a yaktaur captain
   362 | D        | Reached skill level 15 in Shields
   362 | D        | Reached XP level 11. HP: 101/101 MP: 13/13
   367 | D        | Gained mutation: You have a small jelly attached to you that may absorb incoming projectiles. [Jiyva's grace]
   372 | D        | Got the amulet of Bojep {Spirit MP+9 SInv}
   376 | D        | Entered arena 10.
   377 | D        | Found a transporter.
   377 | D        | Lost mutation: You have a considerably increased reservoir of magic. (+20% MP) [Jiyva's grace]
   381 | D        | Gained mutation: Your muscles are strong. (Str +2) [Jiyva's grace]
   387 | D        | Lost mutation: You have a small jelly attached to you that senses nearby items. [Jiyva's grace]
   394 | D        | Gained mutation: Your mind is acute. (Int +2) [Jiyva's grace]
   395 | D        | Lost mutation: You are partially covered in rugged brown scales. (AC +1, +3% HP) [Jiyva's grace]
   395 | D        | Gained mutation: You have acidic saliva. [Jiyva's grace]
   396 | D        | Gained mutation: You have sharp fingernails. [Jiyva's grace]
   396 | D        | Lost mutation: You have sharp fingernails. [Jiyva's grace]
   399 | D        | Lost mutation: You possess an exceptional clarity of mind. [Jiyva's grace]
   400 | D        | Lost mutation: Your system is resistant to poisons. (rPois) [Jiyva's grace]
   404 | D        | Lost mutation: Your mind is acute. (Int +2) [Jiyva's grace]
   415 | D        | Lost mutation: Your muscles are strong. (Str +2) [Jiyva's grace]
   418 | D        | Gained mutation: You have a small jelly attached to you that senses nearby items. [Jiyva's grace]
   430 | D        | Lost mutation: You are somewhat resistant to further mutation. [Jiyva's grace]
   441 | D        | Gained mutation: Your flesh is heat resistant. (rF+) [Jiyva's grace]
   451 | D        | Entered arena 11.
   451 | D        | Gained mutation: Armour fits poorly on your pseudopods. [Jiyva's grace]
   451 | D        | Lost mutation: You are mostly covered in slimy green scales. (AC +3) [Jiyva's grace]
   451 | D        | Lost mutation: Armour fits poorly on your pseudopods. [Jiyva's grace]
   452 | D        | Found a transporter.
   453 | D        | Gained mutation: You are somewhat resistant to further mutation. [Jiyva's grace]
   453 | D        | Gained mutation: You are partially covered in iridescent scales. (AC +2) [Jiyva's grace]
   456 | D        | Lost mutation: You have a small jelly attached to you that may absorb incoming projectiles. [Jiyva's grace]
   459 | D        | Lost mutation: You are resistant to electric shocks. (rElec) [Jiyva's grace]
   460 | D        | Entered arena 12.
   460 | D        | Noticed a mana viper
   460 | D        | Noticed a cyclops
   460 | D        | Noticed a purple ugly thing
   460 | D        | Gained mutation: You have sharp toenails. [Jiyva's grace]
   460 | D        | Noticed a shining eye
   460 | D        | Noticed a cyan very ugly thing
   461 | D        | Noticed a faun
   461 | D        | a mana viper changed into a faun
   462 | D        | Found a transporter.
   462 | D        | a faun changed into a redback
   462 | D        | a cyclops changed into a tarantella
   462 | D        | Gained mutation: Your body has grown many golden eyes which may confuse attackers. (Acc +5) [Jiyva's grace]
   462 | D        | Gained mutation: Armour fits poorly on your pseudopods. [Jiyva's grace]
   463 | D        | Gained mutation: You are somewhat resistant to both further mutation and mutation removal. [Jiyva's grace]
   463 | D        | Gained mutation: You are covered in thick fur. (AC +2) [Jiyva's grace]
   464 | D        | Noticed a death drake
   464 | D        | a tarantella changed into a death drake
   466 | D        | a death drake changed into a dream sheep
   466 | D        | Gained mutation: You are robust. (+10% HP) [Jiyva's grace]
   467 | D        | Noticed an elephant
   467 | D        | a snapping turtle changed into an elephant
   467 | D        | Lost mutation: Your flesh is heat resistant. (rF+) [Jiyva's grace]
   467 | D        | Gained mutation: Your translucent skin slightly reduces your foes' accuracy. (Stealth) [Jiyva's grace]
   467 | D        | Gained mutation: You are almost entirely resistant to further mutation and mutation removal. [Jiyva's grace]
   470 | D        | Killed a cyan ugly thing
   470 | D        | Gained mutation: Your rubbery body absorbs attacks. (AC +1, EV +1) [Jiyva's grace]
   471 | D        | Gained mutation: You have a small jelly attached to you that may absorb incoming projectiles. [Jiyva's grace]
   471 | D        | Lost mutation: Armour fits poorly on your pseudopods. [Jiyva's grace]
   472 | D        | Noticed an elephant
   472 | D        | a yaktaur changed into an elephant
   475 | D        | an elephant changed into a snapping turtle
   475 | D        | Lost mutation: You have sharp toenails. [Jiyva's grace]
   477 | D        | Noticed a mana viper
   477 | D        | a snapping turtle changed into a mana viper
   477 | D        | Lost mutation: You have an increased reservoir of magic. (+10% MP) [Jiyva's grace]
   477 | D        | Gained mutation: Your pliable body absorbs attacks. (AC +2, EV +2) [Jiyva's grace]
   478 | D        | a mana viper changed into a swamp worm
   478 | D        | Noticed a mana viper
   478 | D        | an elephant changed into a mana viper
   480 | D        | Noticed an anaconda
   480 | D        | a snapping turtle changed into an anaconda
   480 | D        | Noticed a cyclops
   480 | D        | a swamp worm changed into a cyclops
   480 | D        | Lost mutation: You are almost entirely resistant to further mutation and mutation removal. [Jiyva's grace]
   483 | D        | Killed a mana viper
   484 | D        | Lost mutation: Your body has grown many golden eyes which may confuse attackers. (Acc +5) [Jiyva's grace]
   485 | D        | Noticed a death drake
   485 | D        | a cyclops changed into a death drake
   485 | D        | Lost mutation: You have a small jelly attached to you that may absorb incoming projectiles. [Jiyva's grace]
   492 | D        | Noticed a sea snake
   492 | D        | a death drake changed into a sea snake
   498 | D        | Noticed a lindwurm
   498 | D        | a sea snake changed into a lindwurm
   500 | D        | Noticed a glowing shapeshifter
   500 | D        | an anaconda changed into a glowing shapeshifter
   500 | D        | Gained mutation: You are covered in slimy tendrils that may disarm your opponents. [Jiyva's grace]
   501 | D        | Killed a lindwurm
   501 | D        | Reached skill level 16 in Shields
   501 | D        | a glowing shapeshifter changed into a swamp worm
   509 | D        | Killed a cyan very ugly thing
   509 | D        | Reached skill level 15 in Fighting
   509 | D        | Reached skill level 15 in Armour
   510 | D        | Noticed a wolf spider
   510 | D        | a slime creature changed into a wolf spider
   519 | D        | Noticed a deep troll
   519 | D        | a wolf spider changed into a deep troll
   520 | D        | Noticed a glowing orange brain
   520 | D        | a deep troll changed into a glowing orange brain
   521 | D        | Noticed a moth of wrath
   521 | D        | a glowing orange brain changed into a moth of wrath
   522 | D        | Lost mutation: You are robust. (+10% HP) [Jiyva's grace]
   523 | D        | Gained mutation: Your system is resistant to poisons. (rPois) [Jiyva's grace]
   525 | D        | Noticed a fire crab
   525 | D        | a moth of wrath changed into a fire crab
   525 | D        | Lost mutation: You are partially covered in slimy green scales. (AC +2) [Jiyva's grace]
   526 | D        | Entered arena 13.
   526 | D        | Noticed an elephant
   528 | D        | Found a transporter.
   539 | D        | Lost mutation: Your body has grown golden eyes which may confuse attackers. (Acc +3) [Jiyva's grace]
   555 | D        | Killed an elephant
   555 | D        | Reached XP level 12. HP: 110/110 MP: 12/12
   559 | D        | Gained mutation: You passively map a small area around you. [Jiyva's grace]
   569 | D        | Lost mutation: Your translucent skin slightly reduces your foes' accuracy. (Stealth) [Jiyva's grace]
   569 | D        | Lost mutation: Your system is resistant to poisons. (rPois) [Jiyva's grace]
   569 | D        | Lost mutation: You passively map a small area around you. [Jiyva's grace]
   569 | D        | Lost mutation: You are covered in slimy tendrils that may disarm your opponents. [Jiyva's grace]
   584 | D        | Gained mutation: You have a small jelly attached to you that may absorb incoming projectiles. [Jiyva's grace]
   589 | D        | Entered arena 14.
   589 | D        | Gained mutation: Your gelatinous body deflects attacks. (AC +3, EV +3) [Jiyva's grace]
   590 | D        | Noticed a spriggan berserker
   590 | D        | Noticed a shambling mangrove
   590 | D        | Noticed a spriggan rider
   590 | D        | Noticed a spriggan rider
   590 | D        | Noticed a spriggan defender
   591 | D        | Noticed a shambling mangrove
   591 | D        | Noticed a spriggan berserker
   591 | D        | Noticed a shambling mangrove
   591 | D        | Noticed a spriggan air mage
   591 | D        | Lost mutation: You are somewhat resistant to both further mutation and mutation removal. [Jiyva's grace]
   592 | D        | Gained mutation: Your body has grown golden eyes which may confuse attackers. (Acc +3) [Jiyva's grace]
   595 | D        | Noticed a death yak
   595 | D        | Slimified a spriggan defender
   595 | D        | Noticed an azure jelly
   595 | D        | a spriggan defender changed into an azure jelly
   595 | D        | Lost mutation: You are covered in thick fur. (AC +2) [Jiyva's grace]
   596 | D        | Found a transporter.
   597 | D        | Lost mutation: You are covered in fur. (AC +1) [Jiyva's grace]
   597 | D        | Lost mutation: Your body has grown golden eyes which may confuse attackers. (Acc +3) [Jiyva's grace]
   599 | D        | Lost mutation: You have acidic saliva. [Jiyva's grace]
   603 | D        | Killed a spriggan berserker
   603 | D        | Reached skill level 17 in Shields
   604 | D        | Lost mutation: You are somewhat resistant to further mutation. [Jiyva's grace]
   604 | D        | Gained mutation: You evolve. [Jiyva's grace]
   607 | D        | Killed a spriggan berserker
   609 | D        | Gained mutation: You have sharp fingernails. [Jiyva's grace]
   610 | D        | Killed a shambling mangrove
   612 | D        | Gained mutation: You are covered in slimy tendrils that may disarm your opponents. [Jiyva's grace]
   612 | D        | Killed a spriggan air mage
   614 | D        | Lost mutation: You are partially covered in iridescent scales. (AC +2) [Jiyva's grace]
   615 | D        | Killed a shambling mangrove
   616 | D        | Lost mutation: You have sharp fingernails. [Jiyva's grace]
   616 | D        | Gained mutation: Armour fits poorly on your pseudopods. [Jiyva's grace]
   621 | D        | Killed a shambling mangrove
   627 | D        | Killed a spriggan rider
   629 | D        | Lost mutation: You evolve. [Jiyva's grace]
   629 | D        | Gained mutation: You are agile. (Dex +2) [Jiyva's grace]
   630 | D        | Killed a spriggan rider
   630 | D        | Reached skill level 15 in Staves
   632 | D        | Gained mutation: You are covered in fur. (AC +1) [Jiyva's grace]
   634 | D        | Lost mutation: You are covered in fur. (AC +1) [Jiyva's grace]
   634 | D        | Lost mutation: Armour fits poorly on your pseudopods. [Jiyva's grace]
   637 | D        | Gained mutation: Your mind is acute. (Int +2) [Jiyva's grace]
   639 | D        | Gained mutation: Your flesh is heat resistant. (rF+) [Jiyva's grace]
   643 | D        | Lost mutation: You are agile. (Dex +2) [Jiyva's grace]
   646 | D        | Gained mutation: Armour fits poorly on your pseudopods. [Jiyva's grace]
   652 | D        | Lost mutation: Your flesh is heat resistant. (rF+) [Jiyva's grace]
   652 | D        | Lost mutation: Your mind is acute. (Int +2) [Jiyva's grace]
   654 | D        | Gained mutation: You have acidic saliva. [Jiyva's grace]
   655 | D        | Gained mutation: Your spells are a little harder to cast, but a little more powerful. [Jiyva's grace]
   659 | D        | Entered arena 15.
   659 | D        | Noticed a vampire knight
   660 | D        | Gained mutation: Your flesh is heat resistant. (rF+) [Jiyva's grace]
   660 | D        | Lost mutation: Your gelatinous body deflects attacks. (AC +3, EV +3) [Jiyva's grace]
   660 | D        | Lost mutation: You have a small jelly attached to you that senses nearby items. [Jiyva's grace]
   663 | D        | Noticed a vampire mage
   663 | D        | Noticed a vampire mage
   665 | D        | Lost mutation: Your spells are a little harder to cast, but a little more powerful. [Jiyva's grace]
   669 | D        | Lost mutation: Your flesh is heat resistant. (rF+) [Jiyva's grace]
   670 | D        | Killed a vampire knight
   670 | D        | Reached skill level 18 in Shields
   683 | D        | Found a transporter.
   691 | D        | Gained mutation: You are partially covered in slimy green scales. (AC +2) [Jiyva's grace]
   696 | D        | Killed a vampire mage
   705 | D        | Lost mutation: Your pliable body absorbs attacks. (AC +2, EV +2) [Jiyva's grace]
   714 | D        | Noticed a jiangshi
   714 | D        | Noticed a flayed ghost
   715 | D        | Killed a vampire mage
   724 | D        | Entered arena 16.
   724 | D        | Noticed a vampire knight
   724 | D        | Lost mutation: You are partially covered in slimy green scales. (AC +2) [Jiyva's grace]
   727 | D        | Noticed a lich
   729 | D        | Lost mutation: Armour fits poorly on your pseudopods. [Jiyva's grace]
   734 | D        | Lost mutation: You have a small jelly attached to you that may absorb incoming projectiles. [Jiyva's grace]
   735 | D        | Reached XP level 13. HP: 120/120 MP: 13/13
   738 | D        | Gained mutation: You have sharp toenails. [Jiyva's grace]
   738 | D        | Gained mutation: You have a small jelly attached to you that senses nearby items. [Jiyva's grace]
   749 | D        | Gained mutation: You have sharp fingernails. [Jiyva's grace]
   751 | D        | Gained mutation: Your body has grown golden eyes which may confuse attackers. (Acc +3) [Jiyva's grace]
   753 | D        | Lost mutation: Your body has grown golden eyes which may confuse attackers. (Acc +3) [Jiyva's grace]
   754 | D        | Slimified a lich
   754 | D        | Noticed a death ooze
   754 | D        | a lich changed into a death ooze
   755 | D        | Lost mutation: Your rubbery body absorbs attacks. (AC +1, EV +1) [Jiyva's grace]
   755 | D        | Gained mutation: Armour fits poorly on your pseudopods. [Jiyva's grace]
   758 | D        | Gained mutation: You are resistant to hostile enchantments. (MR+) [Jiyva's grace]
   761 | D        | Gained mutation: You are agile. (Dex +2) [Jiyva's grace]
   761 | D        | Gained mutation: You are partially covered in thin metallic scales. (AC +2) [Jiyva's grace]
   762 | D        | Identified the +6 quarterstaff of Imo Pave {flame, rPois rF+++ rC-}
   765 | D        | Gained mutation: Your rubbery body absorbs attacks. (AC +1, EV +1) [Jiyva's grace]
   768 | D        | Gained mutation: Armour fits poorly on your large pseudopods. [Jiyva's grace]
   768 | D        | Lost mutation: You are agile. (Dex +2) [Jiyva's grace]
   771 | D        | Lost mutation: You are resistant to hostile enchantments. (MR+) [Jiyva's grace]
   772 | D        | Got a ring of the Octopus King {MP+9 AC+1 EV+1 Str+1 Int+1 Dex+1}
   774 | D        | Killed a vampire knight
   777 | D        | Gained mutation: You are somewhat resistant to further mutation. [Jiyva's grace]
   777 | D        | Gained mutation: Your pliable body absorbs attacks. (AC +2, EV +2) [Jiyva's grace]
   778 | D        | Found a transporter.
   780 | D        | Lost mutation: You are partially covered in thin metallic scales. (AC +2) [Jiyva's grace]
   780 | D        | Lost mutation: You have sharp fingernails. [Jiyva's grace]
   787 | D        | Entered arena 17.
   789 | D        | Noticed an ice dragon
   790 | D        | Gained mutation: Your gelatinous body deflects attacks. (AC +3, EV +3) [Jiyva's grace]
   793 | D        | Lost mutation: You are somewhat resistant to further mutation. [Jiyva's grace]
   794 | D        | Lost mutation: You have a small jelly attached to you that senses nearby items. [Jiyva's grace]
   795 | D        | Gained mutation: Your translucent skin slightly reduces your foes' accuracy. (Stealth) [Jiyva's grace]
   798 | D        | Lost mutation: Armour fits poorly on your large pseudopods. [Jiyva's grace]
   802 | D        | Lost mutation: Your translucent skin slightly reduces your foes' accuracy. (Stealth) [Jiyva's grace]
   805 | D        | Lost mutation: You have sharp toenails. [Jiyva's grace]
   810 | D        | Gained mutation: You possess an exceptional clarity of mind. [Jiyva's grace]
   813 | D        | Killed an ice dragon
   814 | D        | Gained mutation: You are partially covered in rugged brown scales. (AC +1, +3% HP) [Jiyva's grace]
   837 | D        | Gained mutation: You have sharp toenails. [Jiyva's grace]
   859 | D        | Reached skill level 19 in Shields
   865 | D        | Found a transporter.
   877 | D        | Entered arena 18.
   878 | D        | Lost mutation: You are partially covered in rugged brown scales. (AC +1, +3% HP) [Jiyva's grace]
   880 | D        | Noticed a naga warrior
   880 | D        | Noticed a naga warrior
   880 | D        | Gained mutation: You have a small jelly attached to you that may absorb incoming projectiles. [Jiyva's grace]
   881 | D        | Noticed an anaconda
   883 | D        | Lost mutation: Armour fits poorly on your pseudopods. [Jiyva's grace]
   893 | D        | Lost mutation: You possess an exceptional clarity of mind. [Jiyva's grace]
   897 | D        | Killed a naga warrior
   902 | D        | Gained mutation: Your translucent skin slightly reduces your foes' accuracy. (Stealth) [Jiyva's grace]
   905 | D        | HP: 3/122 [anaconda (5)]
   905 | D        | Slain by a guardian serpent

Skill      XL: |  1  2  3  4  5  6  7  8  9 10 11 12 13 |
---------------+----------------------------------------+-----
Fighting       | 5 8 10 11 12 13 15 17 | 17.7
Staves         | 4 7 9 10 11 12 14 15 16 | 16.3
Armour         | 5 8 10 11 12 13 15 17 | 17.7
Shields        | 5 9 11 12 13 15 16 18 19 | 19.1

Action                   |  1- 3 |  4- 6 |  7- 9 | 10-12 | 13-15 || total
-------------------------+-------+-------+-------+-------+-------++-------
Melee: Quarterstaff      |    13 |       |    31 |   375 |   129 ||   548
       Bite              |       |       |     5 |    57 |    19 ||    81
       Pseudopods        |       |       |     7 |    58 |    30 ||    95
       Kick              |       |       |     4 |    12 |    50 ||    66
Invok: Request Jelly     |     2 |       |     3 |     7 |     1 ||    13
       Slimify           |       |       |     1 |     2 |     2 ||     5
  Use: Potion            |     2 |       |       |     3 |     1 ||     6
 Stab: Confused          |       |       |       |     1 |       ||     1
  Eat: Bread ration      |     1 |       |       |       |       ||     1
Armor: Plate armour      |    21 |       |     6 |   182 |   111 ||   320
Dodge: Dodged            |     1 |       |     3 |    93 |    58 ||   155
Block: Shield            |    45 |       |    36 |   776 |   353 ||  1210
